Map: Orbital Shipyard

Players

LilDicky

  • Race: Terran Terran
  • League: Diamond

Mili - Winner!

  • Race: Zerg Zerg
  • League: Diamond

VOD

http://www.twitch.tv/tumescentpie

Description

Time

  • Played on: Nov. 29, 2015, 4:39 p.m.
  • Length: 17:37
Show
View Real Time Build Order
Export as new Build Order

LilDicky Terran 

Build Orders: Liberator Opening, Reaper Expand 

Get SALT Encoding   

  12  0:02  SCV  
  13  0:14  SCV  
  13  0:19  Supply Depot  
  14  0:27  SCV  
  15  0:29  Refinery  
  15  0:41  SCV  
  16  0:45  Barracks  
  16  0:55  SCV  
  17  1:07  SCV  
  18  1:21  SCV  
  19  1:33  Reaper  
  19  1:35  Orbital Command  
  20  1:47  Command Center  
  20  1:57  Refinery  
  20  2:06  Supply Depot  
  20  2:11  Barracks Tech Lab  
  20  2:15  SCV  
  21  2:24  Factory  
  21  2:28  SCV  
  22  2:30  Marine  
  23  2:40  SCV  
  24  2:50  Marine  
  25  3:04  SCV  
  26  3:05  Orbital Command  
  26  3:08  Refinery  
  26  3:14  Starport  
  26  3:16  SCV, Siege Tank  
  30  3:23  Supply Depot  
  30  3:28  SCV, Barracks Reactor  
  30  3:31  SCV  
  32  3:40  SCV  
  33  3:43  SCV  
  34  3:52  SCV  
  34  3:55  Liberator  
  35  4:05  Siege Tank  
  38  4:12  Command Center  
  38  4:13  Marine x2  
  38  4:14  SCV  
  44  4:17  Supply Depot  
  44  4:25  SCV  
  44  4:28  Supply Depot  
  44  4:29  SCV  
  44  4:31  Refinery, Marine x2  
  47  4:37  SCV  
  49  4:41  SCV  
  49  4:44  Liberator  
  49  4:56  Siege Tank  
  46  5:02  Marine x2  
  46  5:11  SCV  
  47  5:18  Supply Depot  
  47  5:20  Marine  
  47  5:21  Barracks x2  
  48  5:22  Barracks  
  48  5:23  Marine  
  45  5:28  Siege Tank  
  38  5:47  Orbital Command  
  38  5:48  Marine  
  38  5:49  Marine  
  34  6:00  SCV  
  35  6:04  Supply Depot  
  35  6:07  Orbital Command  
  35  6:11  Liberator x2  
  35  6:18  Barracks Tech Lab  
  35  6:20  Barracks Reactor, Barracks Tech Lab x2  
  35  6:29  SCV x2  
  35  6:31  Refinery  
  43  6:38  Marine  
  43  6:39  SCV, Marine  
  46  6:41  SCV  
  47  6:48  SCV  
  47  6:51  Siege Tank  
  47  6:52  SCV  
  52  6:55  SCV, Liberator  
  53  7:03  Supply Depot  
  53  7:06  SCV  
  53  7:07  SCV  
  55  7:08  Marine x2  
  55  7:09  Marauder x3  
  66  7:26  SCV  
  66  7:27  Marine  
  68  7:32  Siege Tank  
  71  7:39  Supply Depot, SCV, Liberator x2  
  72  7:54  Marine x2  
  80  8:01  SCV x2  
  80  8:05  SCV, Supply Depot  
  83  8:08  Siege Tank  
  83  8:09  Marine x3  
  89  8:13  SCV  
  90  8:28  Marauder x3  
  82  9:08  Marine x2  
  82  9:09  Marauder x3  
  90  9:14  Stimpack  
  90  9:15  Combat Shields  
  90  9:17  Concussive Shells  
  87  9:21  Medivac x2  
  91  9:25  SCV x2, Marine  
  91  9:26  Marine  
  91  9:27  SCV  
  91  9:30  Marauder, Marine x2  
  100  9:33  Command Center x2  
  100  9:34  Command Center, Supply Depot  
  100  9:43  SCV x2, Marine  
  100  9:44  Marine  
  100  9:45  SCV  
  105  9:48  Marauder x2  
  109  9:56  SCV x2, Marauder  
  113  10:01  Marine  
  113  10:02  Marine  
  115  10:09  Marauder  
  117  10:17  Marauder  
  117  10:19  Marine  
  117  10:20  Marine  
  116  10:26  Marauder  
  114  10:31  Marauder  
  102  10:38  Marauder  
  102  10:39  Liberator  
  102  10:40  SCV x2, Liberator  
  102  10:41  SCV, Supply Depot  
  107  10:48  Orbital Command  
  107  10:49  Orbital Command  
  107  10:51  Marine x2  
  107  10:52  Marine  
  107  10:54  Marine  
  107  10:55  SCV x3, Engineering Bay  
  117  10:58  Engineering Bay  
  117  10:59  Marine  
  121  11:07  SCV  
  121  11:09  Marine x3  
  125  11:12  Marauder  
  123  11:22  Liberator x2  
  123  11:23  Marine  
  123  11:28  Marauder  
  129  11:53  Marine x3  
  129  11:54  Marine x2  
  132  12:05  Liberator  
  132  12:11  Marine x4  
  132  12:12  Marauder  
  136  12:29  Marine x2  
  140  12:30  Marauder x2  
  140  12:33  Marauder  
  142  12:46  Marine  
  142  12:47  Marine  
  142  12:51  Marauder, Marine  
  146  12:54  Marine, Medivac  
  141  13:04  Marine  
  141  13:05  Medivac, Marine  
  130  13:08  Marine  
  130  13:09  SCV  
  130  13:10  SCV x2  
  130  13:11  Terran Infantry Weapons Level 1, Terran Infantry Armor Level 1  
  130  13:12  Marine x2  
  129  13:13  Supply Depot  
  129  13:14  Supply Depot  
  129  13:21  Barracks x2  
  129  13:22  Marine  
  129  13:23  Marine  
  129  13:24  Starport, Barracks x2, Medivac  
  129  13:26  Factory, Barracks, Marine  
  134  13:30  Marauder, Marine  
  137  13:35  Medivac  
  137  13:40  Marine x2  
  137  13:45  Marauder  
  137  13:47  Marine  
  140  13:52  Marauder  
  142  13:58  Marine x2  
  142  14:00  Supply Depot  
  142  14:02  Supply Depot  
  144  14:06  Marauder x2  
  148  14:13  Marauder  
  148  14:14  Missile Turret  
  148  14:15  Marine  
  148  14:16  Marine  
  152  14:19  Missile Turret  
  152  14:27  Marauder x2  
  156  14:33  Marine  
  156  14:35  Marauder  
  105  15:00  Marine x4  
  105  15:01  Marine x3  
  105  15:02  Marauder x3  
  86  15:32  Engineering Bay  
  19  16:29  Orbital Command  
Show
View Real Time Build Order
Export as new Build Order

Mili Zerg - Winner!

Build Orders: Hatch First, Lurkers, Ravager All-In 

Get SALT Encoding   

  12  0:01  Drone  
  13  0:12  Overlord  
  13  0:17  Drone  
  14  0:31  Drone  
  14  0:32  Drone  
  16  0:36  Drone  
  17  0:54  Hatchery  
  17  0:56  Drone  
  17  0:58  Drone  
  18  1:06  Drone  
  19  1:13  Extractor  
  18  1:19  Spawning Pool  
  18  1:23  Drone  
  18  1:28  Drone  
  19  1:41  Drone  
  20  1:50  Drone  
  21  2:02  Overlord  
  21  2:06  Queen  
  21  2:07  Queen  
  21  2:08  Zergling x2  
  26  2:12  Zergling x2  
  27  2:16  Drone  
  27  2:21  Extractor  
  27  2:22  Drone  
  28  2:30  Drone  
  28  2:33  Drone  
  29  2:52  Roach Warren  
  29  2:57  Zergling x2  
  29  2:58  Drone x2  
  29  2:59  Overlord  
  31  3:06  Drone  
  31  3:07  Overlord  
  32  3:20  Drone x2  
  34  3:34  Roach x6  
  46  3:46  Roach x2  
  49  4:00  Drone x2  
  49  4:01  Drone x2  
  52  4:02  Overlord  
  52  4:03  Overlord  
  52  4:21  Ravager x3  
  52  4:22  Ravager x3  
  58  4:24  Drone  
  58  4:25  Drone x7  
  66  4:34  Overlord  
  66  4:36  Overlord  
  66  4:46  Drone, Extractor  
  66  4:47  Drone x2, Extractor  
  67  4:53  Roach  
  56  5:07  Ravager  
  56  5:13  Ravager  
  57  5:16  Drone x3  
  57  5:17  Drone x5  
  65  5:31  Hatchery  
  61  5:51  Lair  
  61  5:55  Evolution Chamber x2  
  50  6:15  Metabolic Boost  
  49  6:21  Roach  
  49  6:22  Roach x5  
  61  6:36  Zerg Ground Armor Level 1  
  61  6:38  Zerg Missile Weapons Level 1  
  61  6:41  Hatchery  
  61  6:43  Drone x9  
  69  6:55  Hydralisk Den  
  69  6:56  Extractor  
  69  6:59  Queen  
  69  7:00  Extractor  
  68  7:08  Drone x6  
  72  7:10  Ravager x4  
  72  7:14  Drone x2  
  80  7:17  Ravager  
  81  7:32  Drone  
  81  7:33  Overlord x2  
  81  7:34  Overlord  
  82  7:39  Lurker Den  
  82  7:47  Extractor  
  82  7:49  Extractor  
  80  7:52  Ravager  
  80  7:54  Glial Reconstitution  
  80  7:58  Drone x4  
  85  8:01  Drone  
  85  8:02  Drone x2  
  85  8:03  Drone  
  85  8:04  Drone  
  85  8:05  Drone x6  
  96  8:09  Queen  
  98  8:17  Roach x6  
  99  8:42  Drone x6  
  99  8:43  Drone x2  
  102  8:53  Hydralisk  
  102  8:54  Hydralisk  
  104  9:00  Overlord x4  
  104  9:01  Overlord  
  100  9:06  Ravager x2  
  100  9:07  Ravager x2  
  104  9:15  Muscular Augments  
  104  9:17  Zerg Ground Armor Level 2, Zerg Missile Weapons Level 2  
  104  9:20  Drone x4  
  108  9:28  Hydralisk x9  
  126  9:52  Roach x9  
  144  9:59  Overlord x2  
  139  10:15  Hatchery, Extractor  
  139  10:16  Extractor  
  122  10:32  Roach  
  122  10:33  Roach x8  
  138  10:48  Hydralisk  
  138  10:49  Hydralisk x2  
  144  10:51  Lurker  
  144  10:52  Lurker x5  
  144  10:55  Hatchery  
  145  10:58  Hatchery  
  144  11:13  Roach  
  144  11:14  Roach x4  
  144  11:16  Overlord x2  
  154  11:38  Queen x3  
  152  11:54  Overlord x2  
  152  11:55  Drone, Overlord  
  152  12:00  Spore Crawler x2  
  151  12:01  Spore Crawler  
  151  12:02  Spore Crawler  
  151  12:03  Drone x3  
  151  12:04  Drone x4  
  151  12:05  Drone  
  156  12:15  Spore Crawler  
  148  12:31  Lurker  
  148  12:32  Lurker  
  148  12:40  Drone x3  
  148  12:41  Drone x6  
  148  12:42  Drone x6  
  154  13:04  Roach  
  154  13:05  Roach x9  
  168  13:22  Hatchery  
  168  13:25  Overseer x4  
  167  13:27  Hydralisk x8  
  167  13:28  Hydralisk x2  
  188  13:55  Lurker  
  188  13:56  Lurker x3  
  188  13:57  Lurker x6  
  188  13:59  Overlord  
  188  14:00  Overlord x3  
  197  14:14  Infestation Pit  
  162  14:55  Extractor  
  156  15:00  Extractor  
  156  15:01  Hydralisk  
  156  15:02  Hydralisk x14  
  156  15:05  Ravager  
  156  15:06  Ravager x12  
  161  15:38  Roach x9  
  161  15:39  Roach x3  
Tags
 
Add a new tag
Caveats
  • Supply blocks, unpowered buildings, or Contaminate may cause inaccurate times.
  • Supply counts are checked every 10 seconds.